 Dungeon Crawl Stone Soup version 0.27-a0-263-gc8dee61f84 (webtiles) character file.

Game seed: 4602931473689611510

74 knot the Chopper (level 4, 35/35 HPs)
             Began as a Demonspawn Berserker on Feb 5, 2021.
             Was a Follower of Trog.
             Quit the game on level 2 of the Dungeon.
             The game lasted 00:00:58 (1167 turns).

knot the Chopper (Demonspawn Berserker)             Turns: 1167, Time: 00:00:59

Health: 35/35      AC:  9    Str: 18    XL:     4   Next: 9%
Magic:  4/4        EV: 10    Int:  9    God:    Trog [*.....]
Gold:   67         SH:  0    Dex: 12    Spells: 3/3 levels left

rFire    . . .     SeeInvis .   a - +0 hand axe
rCold    . . .     Faith    .   (no shield)
rNeg     . . .     Spirit   +   d - +0 scale mail
rPois    .         Reflect  .   (no helmet)
rElec    .         Harm     .   (no cloak)
rCorr    .         Rampage  .   f - +0 pair of gloves
Will     .....                  (no boots)
Stlth    ..........             b - amulet of guardian spirit
HPRegen  2.11/turn              (no ring)
MPRegen  0.09/turn              (no ring)

@: no status effects
A: yellow scales 1, powered by death 2
a: Renounce Religion, Berserk


You were on level 2 of the Dungeon.
You worshipped Trog.
Trog was aware of your devotion.
You visited 1 branch of the dungeon, and saw 2 of its levels.

You collected 67 gold pieces.

Inventory:

Hand Weapons
 a - a +0 hand axe (weapon)
Missiles
 g - 55 stones
 k - 24 sling bullets
 l - 6 javelins
Armour
 d - a +0 scale mail (worn)
 f - a +0 pair of gloves (worn)
Jewellery
 b - an amulet of guardian spirit (around neck)
Scrolls
 e - a scroll of teleportation {unknown}
 h - a scroll of immolation {unknown}
Potions
 c - a potion of might {unknown}
 i - a potion of invisibility {unknown}
 j - a potion of heal wounds {unknown}


   Skills:
 - Level 3.0 Fighting
 + Level 4.5 Axes
 - Level 1.7 Armour
 - Level 1.7 Dodging


You had 3 spell levels left.
You didn't know any spells.
Your spell library was empty.

Dungeon Overview and Level Annotations

Branches:
Dungeon (2/15)

Altars:


Innate Abilities, Weirdness & Mutations

You are partially covered in yellow scales. (AC +2)
You regenerate health from kills.


Message History

The adder bites you but does no damage.
You closely miss the adder.
The adder is heavily wounded.
The adder bites you.
You closely miss the adder.
The adder is heavily wounded.
The adder closely misses you. The adder bites you but does no damage.
You hit the adder.
The adder is heavily wounded.
The adder barely misses you.
You miss the adder.
The adder is heavily wounded.
The adder bites you but does no damage.
You slash the adder!
You kill the adder!
Trog accepts your kill.
You have reached level 4!
You feel stronger.
Your demonic ancestry asserts itself...
Yellow scales grow over part of your body.
Are you sure you want to abandon this character and quit the game? (Confirm with "yes".)

#...###...##...#
#####...########....
....^.....######..##
.##.###.......##..##
#.###.#.###.##.... #
#.##.....# #.#.##
###.##.##..#..##..###.#
#...............># ##.
#...##@##.#######.# #<#
# #.#### #.## ..# #.#
.... #. .$... . .......
## ##.##... .. #....


There were no monsters in sight!

Vanquished Creatures
  Jessica (D:2)
  2 adders (D:2)
  An ooze (D:1)
  A leopard gecko (D:1)
  2 ball pythons (D:1)
  3 giant cockroaches
  A goblin (D:1)
  2 hobgoblins (D:1)
  4 jackals (D:1)
  A kobold (D:1)
  A bat (D:1)
  2 frilled lizards (D:1)
  3 rats (D:1)
24 creatures vanquished.

Notes
Turn   | Place    | Note
-------+----------+-------------------------------------------
     0 | D:1      | knot the Demonspawn Berserker began the quest for the Orb.
     0 | D:1      | Reached XP level 1. HP: 18/18 MP: 1/1
   167 | D:1      | Reached skill level 3 in Axes
   243 | D:1      | Gained mutation: You regenerate a little health from kills.
                  | [demonic ancestry]
   243 | D:1      | Reached XP level 2. HP: 14/24 MP: 0/2
  1042 | D:2      | Gained mutation: You regenerate health from kills. [demonic
                  | ancestry]
  1042 | D:2      | Reached XP level 3. HP: 28/29 MP: 1/3
  1061 | D:2      | Noticed Jessica
  1067 | D:2      | Killed Jessica
  1068 | D:2      | Reached skill level 4 in Axes
  1167 | D:2      | Gained mutation: You are partially covered in yellow
                  | scales. (AC +2) [demonic ancestry]
  1167 | D:2      | Reached XP level 4. HP: 35/35 MP: 4/4
  1167 | D:2      | Quit the game

Illustrated notes

Levels and vault maps discovered:
D:1:      dpeg_arrival_connections, layout_loops_ring
D:2:      layout_loops_cross, amethyst_overflow_temple_binary,
          nicolae_overflow_hidden_temple, uniq_jessica, uniq_sigmund

Skill      XL: |  1  2  3 |
---------------+----------+-----
Axes           | 3 4 |  4.5
Fighting       | |  3.0
Armour         | |  1.7
Dodging        | |  1.7

Action                   |  1- 3 |  4- 6 || total
-------------------------+-------+-------++-------
Melee: Hand axe          |    77 |       ||    77
Invok: Berserk           |     1 |       ||     1
Armor: Scale mail        |    44 |       ||    44
Dodge: Dodged            |    51 |       ||    51

Table legend: (Time is in decaauts)
 A = Elapsed time spent in this place.
 B = Non-inter-level travel time spent in this place.
 C = Inter-level travel time spent in this place.
 D = Time resting spent in this place.
 E = Time spent auto-exploring this place.
 F = Levels seen in this place.
 G = Mean time per level.
                   A        B        C        D        E       F      G
               +--------+--------+--------+--------+--------+-----+--------+
         Total |   1189 |   1103 |     86 |    126 |    796 |   2 |  594.5 |
       Dungeon |   1189 |   1103 |     86 |    126 |    796 |   2 |  594.5 |
               +--------+--------+--------+--------+--------+-----+--------+

Top non-repeatable levels by time:
     D:1: 1027 daAuts
     D:2: 161 daAuts
